 Dungeon Crawl Stone Soup version 0.30-a0-1075-gcd70e7a56d (webtiles) character file.

Game seed: 6076739639207038841

713 bmack86 the Chopper (level 7, -1/60 (61) HPs)
             Began as a Minotaur Fighter on Apr 14, 2023.
             Slain by NateTC's ghost (18 damage)
             ... on level 5 of the Dungeon.
             The game lasted 00:12:42 (4663 turns).

bmack86 the Chopper (Minotaur Fighter)              Turns: 4663, Time: 00:12:42

HP:   -1/60 (61)    AC: 11    Str: 23    XL:     7   Next: 41%
MP:   6/6           EV:  8    Int:  5    God:
Gold: 396           SH:  5    Dex:  9    Spells: 6/6 levels left

rFire   . . .      SeeInvis .    a - +0 war axe
rCold   . . .      Faith    .    c - +0 buckler
rNeg    . . .      Spirit   .    h - +0 chain mail
rPois   .          Reflect  .    (helmet restricted)
rElec   .          Rampage  .    (no cloak)
rCorr   .                        (no gloves)
Will    .....                    l - +0 pair of boots Stlth
                                 (no amulet)
HPRegen 0.30/turn                (no ring)
MPRegen 0.10/turn                (no ring)

@: mighty, lightly drained
A: horns 2, retaliatory headbutt
a: no special abilities


You were on level 5 of the Dungeon.
You visited 1 branch of the dungeon, and saw 5 of its levels.
You also visited: Sewer.

You collected 464 gold pieces.
You spent 68 gold pieces at shops.

Inventory:

Hand Weapons
 a - a +0 war axe (weapon)
 o - a +0 war axe
Missiles
 m - 5 silver javelins
 r - 12 poisoned darts (quivered)
 x - 3 javelins
 z - 2 throwing nets
Armour
 b - a +0 scale mail
 c - a +0 buckler (worn)
 h - a +0 chain mail (worn)
 l - a +0 pair of boots (worn)
Jewellery
 j - a ring of positive energy
 u - a ring of ice
Scrolls
 g - 7 scrolls of teleportation
 i - a scroll of immolation
 t - a scroll of magic mapping
 w - a scroll of poison {unknown}
 y - a scroll of summoning {unknown}
 A - a scroll of enchant armour {unknown}
Potions
 d - a potion of might
 f - 2 potions of cancellation
 k - 2 potions of curing
 n - a potion of lignification
 p - 2 potions of attraction
 q - 7 potions of flight
 s - 2 potions of haste {unknown}
 v - a potion of resistance


   Skills:
 + Level 5.5 Fighting
 * Level 6.3 Axes
 + Level 2.3 Throwing
 + Level 5.5 Armour
 + Level 5.4 Shields


You had 6 spell levels left.
You didn't know any spells.
Your spell library contained the following spells:

 Spells                   Type           Power      Damage    Failure   Level
 Cigotuvi's Dreadful Rot  Necr/Pois/Air  0%         N/A       99%         2
 Vhi's Electric Charge    Tloc/Air       0%         N/A       100%        3
 Dispel Undead            Necr           0%         3d6       100%        4
 Arcjolt                  Conj/Air       0%         1d10      100%        5
 Death Channel            Necr           0%         N/A       100%        6
 Maxwell's Capacitive Co  Air            0%         ∞         100%        8


Dungeon Overview and Level Annotations

Branches:
Dungeon (5/15)              Sewer (visited)
 Temple: D:4-7

Altars:
Elyvilon
Hepliaklqana
Nemelex Xobeh
Vehumet

Shops:
D:3 !*   D:4 *

Annotations:
D:5 NateTC's ghost, novice TrBe


Innate Abilities, Weirdness & Mutations

You have a pair of horns on your head.
You reflexively headbutt those who attack you in melee.


Message History

There is an open door here.
You now have 396 gold pieces (gained 17).
Found a stone staircase leading down.
NateTC's ghost turns its malevolent gaze towards you.
You see here a +0 war axe.
A - a scroll labelled COONAEMOSU Could not explore, unopened runed door.
Okay, then.
You open the door. You closely miss NateTC's ghost. NateTC's ghost hits you!
NateTC's ghost closely misses you.
You closely miss NateTC's ghost. NateTC's ghost hits you.
You slash NateTC's ghost!
NateTC's ghost is lightly damaged.
NateTC's ghost hits you!
You barely miss NateTC's ghost. You headbutt NateTC's ghost.
NateTC's ghost is moderately damaged.
NateTC's ghost hits you.
* * * LOW HITPOINT WARNING * * *
You closely miss NateTC's ghost.
NateTC's ghost is moderately damaged.
NateTC's ghost hits you!
* * * LOW HITPOINT WARNING * * *
You block NateTC's ghost's attack.
Unknown command.
You feel much better. NateTC's ghost hits you!
* * * LOW HITPOINT WARNING * * *
You feel much better. NateTC's ghost hits you!!
* * * LOW HITPOINT WARNING * * *
You feel very mighty all of a sudden. You block NateTC's ghost's attack.
You hit NateTC's ghost but do no damage.
Your headbutt misses NateTC's ghost.
NateTC's ghost is lightly damaged.
You block NateTC's ghost's attack.
You closely miss NateTC's ghost. Your headbutt misses NateTC's ghost.
NateTC's ghost is lightly damaged.
NateTC's ghost says, "You will join me soon!"
NateTC's ghost hits you!!
You die...

..............#............###
...##########.#..........#...#
..........###.#####.....####.####
..........##.............###....#
..........##..###...###...##.##.#
###.......##...#...##⌠##........#
###...............##...##...##..#
......)...###.#..##..?..##....#.#
......###.# #...@W...♣..⌠#....#.#
......###.# #....##..!..##...##..
........#.# ###...##...##....)...
##......#.#####....##⌠##...)))#..
#......#.....[.....###...##..#..
#......########.#........##..#..
#.........#..................#.#
#.........#.#####..#...#.##.##.#
#.........#.# #..#.###....<#.#


You could see NateTC's ghost.

Vanquished Creatures
  A black bear (D:5)
  An ice beast (D:4)
  A scorpion (D:5)
  An iguana (D:4)
  An orc wizard (D:5)
  Natasha (thrice) (D:2)
  A malarious merfolk avatar (Sewer)
  A sickly merfolk siren (Sewer)
  5 gnolls
  12 adders
  2 river rats (Sewer)
  A worm (D:2)
  4 dart slugs
  8 orcs
  12 ball pythons
  4 bats
  10 endoplasms
  2 giant cockroaches
  9 goblins
  5 hobgoblins
  3 kobolds
  10 quokkas
  16 frilled lizards
  24 rats
137 creatures vanquished.

Notes
Turn   | Place    | Note
-------+----------+-------------------------------------------
     0 | D:1      | bmack86 the Minotaur Fighter began the quest for the Orb.
     0 | D:1      | Reached XP level 1. HP: 19/19 MP: 0/0
    62 | D:1      | Reached XP level 2. HP: 16/27 MP: 1/1
   148 | D:1      | Reached skill level 3 in Axes
   455 | D:1      | You fall into a shaft and drop 1 floor!
   545 | D:1      | Reached XP level 3. HP: 33/33 MP: 2/2
  1057 | D:2      | Reached XP level 4. HP: 40/40 MP: 3/3
  1338 | D:2      | Reached skill level 4 in Axes
  1340 | D:2      | Noticed Natasha
  1353 | D:2      | Killed Natasha
  1561 | D:2      | Noticed Natasha
  1566 | D:2      | Killed Natasha
  1567 | D:2      | Reached XP level 5. HP: 45/47 MP: 4/4
  1914 | D:2      | Noticed Natasha
  1916 | D:2      | Killed Natasha
  1951 | D:3      | Found a sparkling altar of Nemelex Xobeh.
  1952 | D:3      | Found a hazy altar of Hepliaklqana.
  1966 | D:3      | Found a faded altar of an unknown god.
  2165 | D:3      | Found Qegeops's General Store.
  2450 | D:3      | Found Imuev's Distillery.
  2487 | D:3      | Bought a potion of curing for 33 gold pieces
  2487 | D:3      | Bought a potion of degeneration for 11 gold pieces
  2847 | D:4      | Found Wazinyrph's Assorted Antiques.
  2869 | D:4      | Bought a scroll labelled PIL PEGHUHI for 24 gold pieces
  2905 | D:4      | Found a glowing drain.
  2910 | Sewer    | Entered a sewer
  2998 | Sewer    | Reached skill level 5 in Axes
  3101 | Sewer    | Reached XP level 6. HP: 53/53 MP: 5/5
  3114 | Sewer    | Reached skill level 1 in Throwing
  3448 | D:4      | Reached skill level 5 in Fighting
  3448 | D:4      | Reached skill level 5 in Armour
  3448 | D:4      | Reached skill level 5 in Shields
  3665 | D:4      | Noticed an ice beast
  3672 | D:4      | Killed an ice beast
  3857 | D:4      | Found a white marble altar of Elyvilon.
  3862 | D:4      | Found a radiant altar of Vehumet.
  3954 | D:5      | Entered Level 5 of the Dungeon
  3991 | D:5      | Reached XP level 7. HP: 61/61 MP: 6/6
  4004 | D:5      | Reached skill level 6 in Axes
  4126 | D:5      | Noticed NateTC's ghost (novice TrBe)
  4154 | D:5      | Found a runed translucent door.
  4658 | D:5      | HP: 1/60 [NateTC's ghost (16)]
  4663 | D:5      | Slain by NateTC's ghost

Illustrated notes

Levels and vault maps discovered:
D:1:      saegor_arrival_simple_c, layout_loops_corners
D:2:      minmay_spotlight, layout_rooms, minmay_pentomino_s2, uniq_natasha
D:3:      layout_loops_corners, nicolae_overflow_hidden_temple, serial_shops,
          nicolae_shop_statue_plus, shop, shapermc_ecumenical_altar_venn
D:4:      layout_basic, minitemple, serial_shops, shop, gup_sewer_entry_bowl
D:5:      layout_basic, hellmonk_ghost_happy_afterlife

Skill      XL: |  1  2  3  4  5  6  7 |
---------------+----------------------+-----
Axes           | 3 4 5 6 |  6.3
Armour         | 4 5 |  5.5
Shields        | 4 5 |  5.4
Fighting       | 4 5 |  5.5
Throwing       | 2 |  2.3

Action                     |  1- 3 |  4- 6 |  7- 9 || total
---------------------------+-------+-------+-------++-------
  Melee: War axe           |    40 |   231 |    26 ||   297
         Headbutt          |     3 |    23 |     4 ||    30
  Throw: Dart              |       |     4 |       ||     4
    Use: Scroll            |     2 |    10 |       ||    12
         Potion            |       |       |     3 ||     3
 Armour: Scale mail        |     9 |       |       ||     9
         Chain mail        |    13 |   150 |    10 ||   173
  Dodge: Dodged            |    14 |    95 |    11 ||   120
  Block: Buckler           |     5 |    74 |    10 ||    89

Table legend: (Time is in decaauts)
 A = Elapsed time spent in this place.
 B = Non-inter-level travel time spent in this place.
 C = Inter-level travel time spent in this place.
 D = Time resting spent in this place.
 E = Time spent auto-exploring this place.
 F = Levels seen in this place.
 G = Mean time per level.
                   A        B        C        D        E       F      G
               +--------+--------+--------+--------+--------+-----+--------+
         Total |   4805 |   4459 |    346 |    153 |   2712 |   6 |  800.8 |
       Dungeon |   4324 |   3978 |    346 |     95 |   2631 |   5 |  864.8 |
         Sewer |    481 |    481 |      0 |     58 |     80 |   1 |  481.0 |
               +--------+--------+--------+--------+--------+-----+--------+

Top non-repeatable levels by time:
     D:1: 988 daAuts
     D:2: 982 daAuts
     D:3: 857 daAuts
     D:4: 781 daAuts
     D:5: 715 daAuts
   Sewer: 481 daAuts
